 Dungeon Crawl Stone Soup version 0.29.1-15-g9cfb28693d (webtiles) character file.

Game seed: 11583146839031852604

140 Allflame the Digger (level 5, -3/28 HPs)
             Began as a Gargoyle Earth Elementalist on Apr 9, 2023.
             Slain by a wight
             ... wielding a +4 scimitar
              (10 damage)
             ... on level 3 of the Dungeon.
             The game lasted 00:27:41 (4248 turns).

Allflame the Digger (Gargoyle Earth Elementalist)   Turns: 4248, Time: 00:27:41

Health: -3/28      AC:  7    Str: 12    XL:     5   Next: 23%
Magic:  9/9        EV: 12    Int: 15    God:
Gold:   119        SH:  0    Dex: 12    Spells: 3/9 levels left

rFire   + . .      SeeInvis .   u - staff of conjuration
rCold   . . .      Faith    .   (no shield)
rNeg    + . .      Spirit   .   a - +0 robe
rPois   ∞          Reflect  .   (no helmet)
rElec   +          Harm     .   (no cloak)
rCorr   .          Rampage  .   k - +0 pair of gloves
Will    .....                   (no boots)
Stlth   ++........              (no amulet)
HPRegen 0.09/turn               y - ring of protection from fire
MPRegen 0.11/turn               (no ring)

@: no status effects
A: sickness immunity, AC +4, negative energy resistance 1, electricity
resistance, torment resistance 1, petrification resistance
a: no special abilities


You were on level 3 of the Dungeon.
You visited 1 branch of the dungeon, and saw 4 of its levels.

You collected 119 gold pieces.

Inventory:

Hand Weapons
 d - a +0 sling
 f - a +0 short sword
 t - a +2 spear of distortion
Missiles
 c - 36 stones
Armour
 a - a +0 robe (worn)
 k - a +0 pair of gloves (worn)
 l - a +0 robe
 A - a +0 leather armour
Magical Staves
 h - a staff of fire
 r - a staff of death
 u - a staff of conjuration (weapon)
Jewellery
 y - a ring of protection from fire (left hand)
Wands
 w - a wand of charming (8)
Scrolls
 i - a scroll of silence {unknown}
 n - a scroll of immolation {unknown}
 p - 2 scrolls of identify {unknown}
 s - 2 scrolls of noise {unknown}
 v - a scroll of butterflies {unknown}
 x - a scroll of enchant armour {unknown}
 B - a scroll of brand weapon {unknown}
 D - a scroll of acquirement {unknown}
Potions
 b - a potion of magic
 e - 4 potions of curing {unknown}
 g - 2 potions of degeneration {unknown}
 j - 4 potions of might {unknown}
 m - a potion of berserk rage {unknown}
 o - 2 potions of brilliance {unknown}
 q - a potion of mutation {unknown}
 z - a potion of heal wounds {unknown}
 C - a potion of flight {unknown}


   Skills:
 + Level 0.7 Fighting
 + Level 1.2 Staves
 + Level 2.3 Dodging
 - Level 3.1 Stealth
 + Level 2.9 Spellcasting
 + Level 0.8 Transmutations
 + Level 4.6 Earth Magic


You had 3 spell levels left.
You knew the following spells:

 Your Spells              Type           Power      Damage    Failure   Level
a - Sandblast             Erth           32%        2d9       3%          1
b - Passwall              Tmut/Erth      8%         N/A       10%         2
c - Stone Arrow           Conj/Erth      26%        3d8       24%         3

Your spell library contained the following spells:

 Spells                   Type           Power      Damage    Failure   Level
 Portal Projectile        Hex/Tloc       4%         N/A       52%         3
 Summon Guardian Golem    Hex/Summ       2%         N/A       52%         3
 Tukima's Dance           Hex            2%         N/A       52%         3
 Petrify                  Tmut/Erth      10%        N/A       54%         4
 Blade Hands              Tmut           2%         N/A       98%         5
 Orb of Destruction       Conj           1%         9d5       100%        7
 Spellforged Servitor     Conj/Summ      1%         N/A       100%        7


Dungeon Overview and Level Annotations

Branches:
Dungeon (4/15)
 Temple: D:4-7

Altars:

Shops:
D:2 *

Annotations:
D:2 Shop 2pot, 2scr


Innate Abilities, Weirdness & Mutations

You are immune to sickness and miasma.
Your stone body is resilient. (AC +4)
You are immune to poison.
You resist negative energy. (rN+)
You are resistant to electric shocks. (rElec)
You are resistant to unholy torment.
You are immune to petrification.


Message History

Press: ? - help, Shift-Dir - straight line, f - wight
Aim: a wight, wielding a +4 scimitar and wearing a +0 robe (82% to hit)
The blast of sand hits the wight but does no damage.
Casting: Sandblast (safe; 3% risk of failure)
Confirm with . or Enter, or press ? or * to list all spells.
Aiming: Sandblast (safe; 3% risk of failure)
Press: ? - help, Shift-Dir - straight line, f/p - wight
Aim: a wight, wielding a +4 scimitar and wearing a +0 robe (82% to hit)
The blast of sand hits the wight but does no damage.
A wight comes into view. It is wielding a +0 flail.
Casting: Sandblast (safe; 3% risk of failure)
Confirm with . or Enter, or press ? or * to list all spells.
Aiming: Sandblast (safe; 3% risk of failure)
Press: ? - help, Shift-Dir - straight line, f/p - wight
Aim: a wight, wielding a +4 scimitar and wearing a +0 robe (82% to hit)
The blast of sand hits the wight but does no damage.
The wight hits you but does no damage.
Casting: Sandblast (safe; 3% risk of failure)
Confirm with . or Enter, or press ? or * to list all spells.
Aiming: Sandblast (safe; 3% risk of failure)
Press: ? - help, Shift-Dir - straight line, f/p - wight
Aim: a wight, wielding a +4 scimitar and wearing a +0 robe (82% to hit)
The blast of sand hits the wight but does no damage.
The wight hits you with a +4 scimitar! The wight hits you with a +4 scimitar.
The wight misses you. x2
You climb upwards.
There is a stone staircase leading down here.
The wight barely misses you.
Casting: Sandblast (safe; 3% risk of failure)
Confirm with . or Enter, or press ? or * to list all spells.
Aiming: Sandblast (safe; 3% risk of failure)
Press: ? - help, Shift-Dir - straight line, f - wight
Aim: a wight, wielding a +4 scimitar and wearing a +0 robe (82% to hit)
The blast of sand misses the wight.
The blast of sand hits the wight but does no damage.
The wight attacks as you move away! The wight hits you with a +4 scimitar!
Ouch! That really hurt!
* * * LOW HITPOINT WARNING * * *
The wight attacks as you move away! The wight hits you with a +4 scimitar!
You die...

..##.......#
#.##.#####.####
#.##.##.......#
........##.##<#
#.##.#####.##.####
#.##.#####.......#
..##...z...#####.#
##########.# #.# #
#.....#z# ###@# #
#.....#.# #.z)# #
#.....#.###...# #
#....<#...z...# #
#.....######.##
##### # ###.###
##.# ##...## # #.#
##..# #......
######.# ##.#.##
#...P..
#......#####.###.##
#####...P.♣


You could see 2 wights.

Vanquished Creatures
  4 gnolls (D:2)
  3 adders
  A worm (D:2)
  3 dart slugs
  4 bats
  A bat skeleton (D:2)
  A bat zombie (D:2)
  6 endoplasms
  3 giant cockroaches
  7 goblins
  6 hobgoblins
  4 quokkas
  4 ball pythons
  A ball python zombie (D:2)
  2 frilled lizards
  11 kobolds
  2 rats
63 creatures vanquished.

Vanquished Creatures (others)
  3 plants (D:2)
  5 withered plants (D:2)
8 creatures vanquished.

Grand Total: 71 creatures vanquished

Notes
Turn   | Place    | Note
-------+----------+-------------------------------------------
     0 | D:1      | Allflame the Gargoyle Earth Elementalist began the quest
                  | for the Orb.
     0 | D:1      | Reached XP level 1. HP: 10/10 MP: 3/3
   369 | D:1      | Reached XP level 2. HP: 10/15 MP: 3/5
  1059 | D:1      | Reached skill level 4 in Earth Magic
  1228 | D:1      | Reached XP level 3. HP: 7/19 MP: 4/6
  2156 | D:2      | Found Lautz's Assorted Antiques.
  2271 | D:2      | Reached XP level 4. HP: 24/24 MP: 4/7
  2364 | D:2      | Reached skill level 1 in Staves
  3246 | D:3      | Reached XP level 5. HP: 28/28 MP: 6/9
  3398 | D:3      | Learned a level 2 spell: Passwall
  3402 | D:3      | Learned a level 3 spell: Stone Arrow
  3893 | D:3      | Found a faded altar of an unknown god.
  4248 | D:3      | Slain by a wight

Illustrated notes

Levels and vault maps discovered:
D:1:      dpeg_arrival_stone_temple_mockup, layout_loops_ring, minmay_quantized
D:2:      layout_loops_ring, serial_shops, nicolae_shop_overgrown_old_shop,
          serial_undead, serial_undead_b, serial_undead_a, serial_undead_b,
          serial_undead_c, serial_park_tiny_1, minivault_24
D:3:      minmay_recursive_quarters, layout_loops_cross,
          dreamdust_ecumenical_altar_grove
D:4:      layout_rooms

Skill      XL: |  1  2  3  4  5 |
---------------+----------------+-----
Earth Magic    | 4 |  4.6
Dodging        | 2 |  2.3
Staves         | 1 |  1.2
Stealth        | 3 |  3.1
Fighting       | |  0.7
Spellcasting   | |  2.9
Transmutations | |  0.8

Action                   |  1- 3 |  4- 6 || total
-------------------------+-------+-------++-------
Melee: Short sword       |    22 |       ||    22
       Unarmed           |     5 |       ||     5
       Staff             |    76 |    13 ||    89
       Punch             |     2 |       ||     2
 Cast: Sandblast         |    26 |    41 ||    67
 Stab: Sleeping          |     4 |     1 ||     5
Armor: Robe              |    41 |     8 ||    49
Dodge: Dodged            |    75 |    25 ||   100
